 Dungeon Crawl Stone Soup version 0.25.0-26-g0c896c7088 (webtiles) character file.

Game seed: 15779986470791483039

571 Peloso the Slasher (level 7, -1/54 HPs)
             Began as a Demonspawn Fighter on July 2, 2020.
             Was an Initiate of Okawaru.
             Killed by nerve-wracking pain
             ... invoked by an orc priest
              (8 damage)
             ... on level 4 of the Dungeon.
             The game lasted 00:11:19 (5285 turns).

Peloso the Slasher (Demonspawn Fighter)             Turns: 5285, Time: 00:11:20

Health: -1/54      AC: 13    Str: 19      XL:     7   Next: 11%
Magic:  7/7        EV:  5    Int:  9      God:    Okawaru [......]
Gold:   226        SH:  9    Dex:  9 (12) Spells: 6/6 levels left

rFire    . . .     SeeInvis .   a - +0 long sword
rCold    . . .     Gourm    .   c - +0 kite shield
rNeg     . . .     Faith    .   s - +0 chain mail
rPois    .         Spirit   .   (no helmet)
rElec    .         Reflect  .   (no cloak)
rCorr    .         Harm     .   (no gloves)
MR       .....                  n - +0 pair of boots
Stlth    ..........             (no amulet)
HPRegen  0.18/turn              (no ring)
MPRegen  0.10/turn              (no ring)

@: no status effects
A: icy blue scales 2, demonic guardian 1
a: Renounce Religion


You were on level 4 of the Dungeon.
You worshipped Okawaru.
Okawaru was noncommittal.
You were near starving.

You visited 2 branches of the dungeon, and saw 5 of its levels.

You collected 226 gold pieces.

Inventory:

Hand Weapons
 a - a +0 long sword (weapon)
Armour
 b - a +0 scale mail
 c - a +0 kite shield (worn)
 n - a +0 pair of boots (worn)
 s - a +0 chain mail (worn)
Wands
 d - a wand of flame (6)
Scrolls
 e - a scroll of magic mapping {unknown}
 h - 2 scrolls of teleportation
 i - 4 scrolls of identify
 m - a scroll of enchant armour {unknown}
 o - a scroll of enchant weapon {unknown}
 p - 3 scrolls of remove curse {unknown}
Potions
 g - 2 potions of brilliance {unknown}
 j - 2 potions of mutation
 k - 2 potions of heal wounds
 l - a potion of magic
 q - a potion of flight {unknown}
Comestibles
 f - 3 rations


   Skills:
 + Level 4.0 Fighting
 + Level 4.4 Long Blades
 + Level 4.1 Armour
 + Level 1.3 Dodging
 + Level 0.3 Stealth
 + Level 4.3 Shields


You had 6 spell levels left.
You didn't know any spells.
Your spell library was empty.

Dungeon Overview and Level Annotations

Branches:
Dungeon (4/15)             Temple (1/1) D:4

Altars:
Fedhas
Nemelex Xobeh
Okawaru
Uskayaw
Wu Jian
Xom
Yredelemnul


Innate Abilities, Weirdness & Mutations

You are mostly covered in icy blue scales. (AC +3)
A weak demonic guardian rushes to your aid.


Message History

You hit the orc priest but do no damage.
The orc priest is moderately wounded.
The orc priest hits you but does no damage.
You hit the orc priest but do no damage.
The orc priest is moderately wounded.
You block the orc priest's attack.
Unknown command.
You hit the orc priest but do no damage.
The orc priest is moderately wounded.
The orc priest hits you but does no damage.
Unknown command.
You hit the orc priest.
The orc priest is heavily wounded.
The orc priest hits you with a cursed -1 club.
* * * LOW HITPOINT WARNING * * *
You hit the orc priest but do no damage.
The orc priest is heavily wounded.
The orc priest invokes the aid of Beogh against you.
Pain shoots through your body!
You die...

#####.###
#.............#
....#.#
#.............#
###.#.#
##.............#
#.#.#
#..............#
#.#.#
#.............##
###.#.#
#.#.............
....#.#
#.#.#.#o########
.####.# #.# # #o#
......# #.# #@#
#.###### #.# #.#
.......###.#####.#
#.####.#.........#
#.# #.......[.....#
### #.#
#..................#
##...... #.#
#...##############.#
#......# #.# #...#
#.# #......# #.#
#...# #######.#
#....).#


You could see an orc priest and an orc.

Vanquished Creatures
  A quasit (D:4)
  An orc priest (D:3)
  2 centaur skeletons (D:4)
  A hound (D:4)
  Jessica (D:2)
  Natasha (thrice) (D:3)
  A worker ant (D:4)
  Ijyb (D:3)
  Robin (D:3)
  A howler monkey skeleton (D:4)
  7 adders
  3 oozes
  2 worms
  3 dart slugs
  A leopard gecko (D:1)
  16 orcs
  7 giant cockroaches
  10 goblins
  9 hobgoblins
  9 jackals
  7 kobolds
  A ball python (D:1)
  5 bats
  4 frilled lizards
  6 rats
  A spectral orc (D:4)
104 creatures vanquished.

Vanquished Creatures (collateral kills)
  A centaur (D:3)
  An orc wizard (D:3)
  An orc (D:3)
  A goblin (D:3)
  A hobgoblin (D:3)
5 creatures vanquished.

Grand Total: 109 creatures vanquished

Notes
Turn   | Place    | Note
-------+----------+-------------------------------------------
     0 | D:1      | Peloso the Demonspawn Fighter began the quest for the Orb.
     0 | D:1      | Reached XP level 1. HP: 18/18 MP: 1/1
   312 | D:1      | Gained mutation: You are partially covered in icy blue
                  | scales. (AC +2) [demonic ancestry]
   312 | D:1      | Reached XP level 2. HP: 24/24 MP: 2/2
   822 | D:1      | Reached XP level 3. HP: 26/29 MP: 3/3
  1426 | D:2      | Noticed Jessica
  1445 | D:2      | Killed Jessica
  1445 | D:2      | Gained mutation: You are mostly covered in icy blue scales.
                  | (AC +3) [demonic ancestry]
  1445 | D:2      | Reached XP level 4. HP: 3/35 MP: 4/4
  1807 | D:2      | Found a shimmering altar of Xom.
  2248 | D:3      | Noticed Ijyb
  2256 | D:3      | Killed Ijyb
  2291 | D:3      | Gained mutation: A weak demonic guardian rushes to your
                  | aid. [demonic ancestry]
  2291 | D:3      | Reached XP level 5. HP: 11/41 MP: 5/5
  2672 | D:3      | Noticed Robin
  2704 | D:3      | Noticed a centaur
  2999 | D:3      | Killed a centaur
  2999 | D:3      | Reached skill level 1 in Dodging
  3024 | D:3      | Killed Robin
  3189 | D:3      | Reached XP level 6. HP: 47/47 MP: 6/6
  3236 | D:3      | Noticed Natasha
  3247 | D:3      | Killed Natasha
  3342 | D:3      | Noticed Natasha
  3353 | D:3      | Killed Natasha
  3367 | D:3      | Noticed Natasha
  3377 | D:3      | Killed Natasha
  4494 | D:4      | Found a staircase to the Ecumenical Temple.
  4524 | Temple   | Entered the Ecumenical Temple
  4558 | Temple   | Became a worshipper of Warmaster Okawaru
  4659 | D:4      | Reached XP level 7. HP: 53/53 MP: 7/7
  5049 | D:4      | Found a basalt altar of Yredelemnul.
  5285 | D:4      | Killed from afar by an orc priest

Illustrated notes

Levels and vault maps discovered:
D:1:      scummos_arrival_simple_fountains, layout_basic
D:2:      layout_basic, xom_teletrap_fun, uniq_jessica
D:3:      layout_loops_ring, first_ration, uniq_natasha, uniq_robin, uniq_ijyb
D:4:      layout_basic, yredelemnul_forgotten_temple_becter,
          minmay_temple_entry_large_hall, small_statue_intersection,
          chequers_serial_rivers_room_a
Temple:   minmay_crystal_spiral_temple

Skill      XL: |  1  2  3  4  5  6  7 |
---------------+----------------------+-----
Long Blades    | 2 3 4 |  4.4
Armour         | 3 4 |  4.1
Shields        | 3 4 |  4.3
Dodging        | 1 |  1.3
Fighting       | 4 |  4.0
Stealth        | |  0.3

Action                   |  1- 3 |  4- 6 |  7- 9 || total
-------------------------+-------+-------+-------++-------
Melee: Long sword        |    94 |   292 |    53 ||   439
  Use: Potion            |       |     1 |       ||     1
       Scroll            |       |     6 |       ||     6
  Eat: Chunk             |     2 |    11 |       ||    13
Armor: Scale mail        |    50 |    33 |       ||    83
       Chain mail        |       |   165 |    18 ||   183
Dodge: Dodged            |    32 |    87 |    16 ||   135
Block: Kite shield       |    65 |   177 |    25 ||   267
       Rpst.: Long sword |     9 |    20 |     7 ||    36
